 Dungeon Crawl Stone Soup version 0.17.1-3-g152610e (webtiles) character file.

35 kaze the Skirmisher (level 3, -1/29 HPs)
             Began as a Demonspawn Fighter on Apr 11, 2016.
             Was a Follower of Ashenzari.
             Killed from afar by Ijyb (4 damage)
             ... with a wand of magic darts
             ... on level 3 of the Dungeon.
             The game lasted 00:02:20 (1503 turns).

kaze the Skirmisher (Demonspawn Fighter)            Turns: 1503, Time: 00:02:20

Health: -1/29      AC:  7    Str: 17    XL:     3   Next: 17%
Magic:  12/12      EV:  7    Int: 13    God:    Ashenzari [*.....]
Gold:   65         SH:  8    Dex: 12    Spells: 0 memorised, 2 levels left

rFire  . . .     SeeInvis .     a - +0 war axe
rCold  . . .     Clarity  .     b - +0 scale mail
rNeg   . . .     SustAt   .     c - +0 shield
rPois  .         Gourm    +     (no helmet)
rElec  .         Spirit   .     (no cloak)
rCorr  .         Warding  .     (no gloves)
rMut   .         Stasis   .     (no boots)
MR     .....                    g - amulet of the gourmand
Stlth  ..........               o - +4 ring of intelligence
                                j - ring of magical power

@: not resistant to hostile enchantments, extremely unstealthy
A: claws 1, rugged brown scales 1
a: Scrying, Renounce Religion


You were on level 3 of the Dungeon.
You worshipped Ashenzari.
Ashenzari was aware of your devotion.
You were not hungry.

You visited 1 branch of the dungeon, and saw 3 of its levels.

You collected 65 gold pieces.

Inventory:

Hand Weapons
 a - a +0 war axe (weapon)
Armour
 b - a +0 scale mail (worn)
 c - a +0 shield (worn)
Jewellery
 g - an amulet of the gourmand (around neck)
 j - a ring of magical power (left claw)
 o - a +4 ring of intelligence (right claw)
Scrolls
 f - a scroll of teleportation
 h - a scroll of remove curse
 k - a scroll of identify
 l - a scroll of fog
Potions
 d - a potion of might
 n - a potion of haste {unknown}
Comestibles
 e - 2 bread rations


   Skills:
 + Level 3.4 Fighting
 + Level 1.8 Axes
 + Level 3.3 Armour
 + Level 0.6 Dodging
 + Level 2.8 Shields


You had 2 spell levels left.
You didn't know any spells.

Dungeon Overview and Level Annotations

Branches:
Dungeon (3/15)

Altars:
Ashenzari
Dithmenos
Kikubaaqudgha
Vehumet

Annotations:
D:3 Ijyb


Innate Abilities, Weirdness & Mutations

You have sharp fingernails.
You are partially covered in rugged brown scales (AC +1, +3% HP).


Message History

No target in view!
Things that are here:
an uncursed club; 2 stones You now have 65 gold pieces (gained 15).
Ijyb the Twisted Goblin comes into view.
Ashenzari warns you: He is wielding a club and wearing a ring mail of cold resistance.
Ijyb shouts!
Ijyb zaps a wand.
The magic dart hits you!
It is a wand of magic darts.
You see here 14 gold pieces.
Ijyb zaps a wand.
The magic dart hits you!
Ijyb zaps a wand.
The magic dart hits you!
Ijyb zaps a wand.
The magic dart hits you!
You barely miss Ijyb. You block Ijyb's attack. Ijyb closely misses you.
You hit Ijyb but do no damage. You block Ijyb's attack.
You barely miss Ijyb. Ijyb barely misses you.
You barely miss Ijyb. Ijyb hits you with a club.
You closely miss Ijyb.
Ijyb zaps a wand.
The magic dart hits you!
* * * LOW HITPOINT WARNING * * *
Ijyb zaps a wand.
The magic dart hits you!
You die...

#. ..# #.#..# .####.#+###
#.#..###.##.......#
#.#$.....##.......#
####+#.........+.......#
..............##........
..............++........ ###
.......(......##g....... ..#
....)..(......##@....... #.#
####....########........ #
#.#
#####...................#.#.#
#....)..........##.##......<#
#............$.##
.##......... #...........####
.##.$...... ##+###+#+####
.#+##..... +..... #.....


You could see Ijyb.

Vanquished Creatures
  2 giant geckos (D:1)
  3 bats (D:1)
  5 goblins
  8 hobgoblins
  A quokka (D:2)
  2 giant cockroaches
  7 kobolds
  3 rats
31 creatures vanquished.

Notes
Turn   | Place    | Note
--------------------------------------------------------------
     0 | D:1      | kaze the Demonspawn Fighter began the quest for the Orb.
     0 | D:1      | Reached XP level 1. HP: 18/18 MP: 1/1
    84 | D:1      | Gained mutation: You have sharp fingernails. [demonic ancestry]
    84 | D:1      | Reached XP level 2. HP: 22/24 MP: 2/2
   861 | D:2      | Gained mutation: You are partially covered in rugged brown scales (AC +1, +3% HP). [demonic ancestry]
   861 | D:2      | Reached XP level 3. HP: 19/29 MP: 3/3
  1019 | D:2      | Found a faded altar to an unknown god.
  1131 | D:2      | Became a worshipper of Ashenzari the Shackled
  1131 | D:2      | Reached * piety under Ashenzari
  1274 | D:2      | Found an ancient bone altar of Kikubaaqudgha.
  1274 | D:2      | Found a radiant altar of Vehumet.
  1275 | D:2      | Found a shadowy altar of Dithmenos.
  1494 | D:3      | Noticed Ijyb
  1503 | D:3      | Killed from afar by Ijyb

Action                   || total
-------------------------++-------
Melee: War axe           ||   109
Invok: Scrying           ||     1
  Use: Scroll            ||     4
  Eat: Bread ration      ||     1
